 Dungeon Crawl Stone Soup version 0.28-a0-779-g3d1f99b579 (webtiles) character file.

Game seed: 10131117030063227848

120 pascalblue the Skirmisher (level 5, 0/47 HPs)
             Began as a Hill Orc Fighter on Nov 2, 2021.
             Slain by bande's ghost (6 damage)
             ... on level 3 of the Dungeon.
             The game lasted 00:07:08 (2649 turns).

pascalblue the Skirmisher (Hill Orc Fighter)        Turns: 2649, Time: 00:07:09

Health: 0/47       AC:  8    Str: 20    XL:     5   Next: 4%
Magic:  5/5        EV:  9    Int:  8    God:
Gold:   150        SH:  4    Dex: 10    Spells: 4/4 levels left

rFire   . . .      SeeInvis .   a - +0 war axe
rCold   . . .      Faith    .   c - +0 buckler
rNeg    . . .      Spirit   .   b - +0 scale mail
rPois   .          Reflect  .   (no helmet)
rElec   .          Harm     .   n - scarf {shadows}
rCorr   +          Rampage  .   (no gloves)
Will    .....                   m - +0 pair of boots
Stlth   ..........              (no amulet)
HPRegen 0.15/turn               p - ring of resist corrosion
MPRegen 0.09/turn               (no ring)

@: no status effects
A: no striking features
a: no special abilities


You were on level 3 of the Dungeon.
You visited 1 branch of the dungeon, and saw 3 of its levels.

You collected 150 gold pieces.

Inventory:

Hand Weapons
 a - a +0 war axe (weapon)
 h - a +0 short sword of draining
Armour
 b - a +0 scale mail (worn)
 c - a +0 buckler (worn)
 m - a +0 pair of boots (worn)
 n - a scarf of shadows (worn)
Jewellery
 p - a ring of resist corrosion (left hand)
Scrolls
 e - 6 scrolls of identify {unknown}
 f - 2 scrolls of magic mapping {unknown}
 g - a scroll of enchant armour {unknown}
 j - a scroll of teleportation {unknown}
 l - a scroll of immolation {unknown}
 q - a scroll of vulnerability {unknown}
Potions
 d - a potion of might
 i - a potion of haste {unknown}
 k - a potion of heal wounds {unknown}
 o - a potion of invisibility {unknown}


   Skills:
 + Level 4.5 Fighting
 + Level 3.9 Axes
 + Level 4.2 Armour
 + Level 4.2 Shields


You had 4 spell levels left.
You didn't know any spells.
Your spell library contained the following spells:

 Spells                   Type           Power      Damage    Failure   Level
 Slow                     Hex            0%         N/A       75%         1
 Confusing Touch          Hex            0%         N/A       98%         3
 Vampiric Draining        Necr           0%         2d6       98%         3


Dungeon Overview and Level Annotations

Branches:
Dungeon (3/15)

Altars:
Elyvilon

Shops:
D:1 *

Annotations:
D:3 bande's ghost, amateur GrFi


Message History

You block bande's ghost's attack.
You closely miss bande's ghost.
Bande's ghost is moderately damaged.
You block bande's ghost's attack.
Bande's ghost says, "I am invincible!"
Bande's ghost closely misses you.
You barely miss bande's ghost.
Bande's ghost is moderately damaged.
Bande's ghost hits you.
You hit bande's ghost but do no damage.
Bande's ghost is moderately damaged.
You block bande's ghost's attack.
You hit bande's ghost.
Bande's ghost is moderately damaged.
Bande's ghost hits you but does no damage.
You barely miss bande's ghost.
Bande's ghost is moderately damaged.
Bande's ghost hits you. You block bande's ghost's attack.
You hit bande's ghost.
Bande's ghost is heavily damaged.
Bande's ghost hits you.
You completely miss bande's ghost.
Bande's ghost is heavily damaged.
You block bande's ghost's attack.
You closely miss bande's ghost.
Bande's ghost is heavily damaged.
Bande's ghost hits you!
* * * LOW HITPOINT WARNING * * *
Bande's ghost hits you but does no damage.
You barely miss bande's ghost.
Bande's ghost is heavily damaged.
Bande's ghost hits you.
* * * LOW HITPOINT WARNING * * *
You slash bande's ghost!
Bande's ghost is severely damaged.
You block bande's ghost's attack.
Your scale mail prevents you from hitting bande's ghost.
Bande's ghost is severely damaged.
Bande's ghost completely misses you. Bande's ghost hits you.
You die...

#########.# #######
........#.# #.....#
.......##.# #.....##
#########.# #.......
........#.# #####.##
#########.# ###'#.
#########.##########
#.....
........#........#?♣#
#.....
#######.#.####..@W[8#
#..... ........#.#
##..#.♣# #.....
#########.# ######
#..... #.....#.#
###'#. #.###.#.# #.##
###.#.#.#.# #.##
......#.#.# ########
#.## ###.#.#.#.#
#......# #.#.
#.#.#.#.# #......#
#.#.


You could see bande's ghost.

Vanquished Creatures
  An iguana (D:3)
  An adder (D:2)
  5 worms (D:2)
  A dart slug (D:1)
  6 ball pythons
  3 bats (D:1)
  5 endoplasms
  2 giant cockroaches (D:3)
  8 goblins (D:2)
  13 hobgoblins
  2 quokkas
  4 frilled lizards
  5 kobolds
  5 rats
61 creatures vanquished.

Notes
Turn   | Place    | Note
-------+----------+-------------------------------------------
     0 | D:1      | pascalblue the Hill Orc Fighter began the quest for the
                  | Orb.
     0 | D:1      | Reached XP level 1. HP: 19/19 MP: 1/1
   160 | D:1      | Reached XP level 2. HP: 26/27 MP: 2/2
   384 | D:1      | Found a faded altar of an unknown god.
   567 | D:1      | Found Xasorph Nigo's Assorted Antiques.
   792 | D:2      | Reached XP level 3. HP: 32/33 MP: 3/3
  1277 | D:2      | Reached XP level 4. HP: 40/40 MP: 4/4
  1509 | D:3      | Found a runed translucent door.
  1510 | D:3      | Noticed bande's ghost (amateur GrFi)
  1966 | D:3      | Found a white marble altar of Elyvilon.
  2264 | D:3      | Reached XP level 5. HP: 47/47 MP: 5/5
  2649 | D:3      | Slain by bande's ghost

Illustrated notes

Levels and vault maps discovered:
D:1:      mushboom_english_gardens, layout_basic,
          shapermc_ecumenical_altar_acropolis, serial_shops, shop_statue,
          chequers_serial_rivers_room_b
D:2:      cheibrodos_greedy_goblins, layout_rooms
D:3:      layout_basic, mainiacjoe_overflow_alcove_4, gammafunk_ghost_grave

Skill      XL: |  1  2  3  4 |
---------------+-------------+-----
Axes           | 3 |  3.9
Fighting       | 4 |  4.5
Armour         | 4 |  4.2
Shields        | 4 |  4.2

Action                   |  1- 3 |  4- 6 || total
-------------------------+-------+-------++-------
Melee: War axe           |    92 |    79 ||   171
Armor: Scale mail        |    40 |    24 ||    64
Dodge: Dodged            |    50 |    28 ||    78
Block: Buckler           |    23 |    21 ||    44

Table legend: (Time is in decaauts)
 A = Elapsed time spent in this place.
 B = Non-inter-level travel time spent in this place.
 C = Inter-level travel time spent in this place.
 D = Time resting spent in this place.
 E = Time spent auto-exploring this place.
 F = Levels seen in this place.
 G = Mean time per level.
                   A        B        C        D        E       F      G
               +--------+--------+--------+--------+--------+-----+--------+
         Total |   2707 |   2661 |     46 |      0 |   2114 |   3 |  902.3 |
       Dungeon |   2707 |   2661 |     46 |      0 |   2114 |   3 |  902.3 |
               +--------+--------+--------+--------+--------+-----+--------+

Top non-repeatable levels by time:
     D:3: 1167 daAuts
     D:1: 802 daAuts
     D:2: 737 daAuts
